[Event "Titled Tuesday Blitz June 27 Late 2023"]
[White "Kavutskiy, Konstantin"]
[Black "Kovalevsky, Stanislav"]
[WhiteFideId "2026384"]
[BlackFideId "13508598"]
[WhiteElo "2624"]
[BlackElo "2477"]
[Result "1-0"]
[Round "5"]
[TimeControl "180+2"]
[Date "2023.06.27"]
[WhiteClock "0:00:52"]
[BlackClock "0:00:00"]
[Board "77"]

1. d4 d5 2. c4 Nf6 3. cxd5 Nxd5 4. Nf3 e6 5. e4 Nb6 6. Nc3 c5 7. d5 exd5 8. exd5 Be7 9. Bb5+ Bd7 10. Bd3 O-O 11. h3 h6 12. O-O Nc8 13. Bf4 Nd6 14. Qd2 Na6 15. Rad1 Nc7 16. Rfe1 Re8 17. Ne5 Bf5 18. Nxf7 Kxf7 19. Bxd6 Bxd6 20. Bxf5 Qh4 21. Be6+ Kf8 22. Qd3 Qf4 23. g3 Qf6 24. Ne4 Qe7 25. Nxd6 Qxd6 26. Qg6 Re7 27. Rd3 Nxe6 28. dxe6 Qxd3 29. Qxd3 1-0


[Site "https://www.chess.com"]

[Event "Titled Tuesday Blitz June 27 Late 2023"]
[White "Chen, Justin"]
[Black "Titichoca Daza, Daniel"]
[WhiteFideId "2098199"]
[BlackFideId "3309550"]
[WhiteElo "2622"]
[BlackElo "2468"]
[Result "1-0"]
[Round "5"]
[TimeControl "180+2"]
[Date "2023.06.27"]
[WhiteClock "0:01:55"]
[BlackClock "0:01:28"]
[Board "78"]

1. e4 e5 2. Nf3 Nc6 3. Bc4 Bc5 4. c3 Nf6 5. d4 exd4 6. e5 d5 7. Bb5 Ne4 8. cxd4 Bb6 9. Nc3 O-O 10. Be3 Bg4 11. h3 Bh5 12. Qc2 Bg6 13. Qb3 Ba5 14. O-O Ne7 15. Bd3 Bb6 16. Rfd1 c6 17. Bxe4 Bxe4 18. Nxe4 dxe4 19. Ng5 Qd5 20. Qc2 Rad8 21. Nxe4 Nf5 22. Nf6+ gxf6 23. Qxf5 fxe5 24. Qg5+ Kh8 25. Qf6+ Kg8 26. Bh6 1-0


[Site "https://www.chess.com"]

[Event "Titled Tuesday Blitz June 27 Late 2023"]
[White "Piesik, Piotr"]
[Black "Tomaszewski, Kacper"]
[WhiteFideId "1136194"]
[BlackFideId "1127373"]
[WhiteElo "2616"]
[BlackElo "2464"]
[Result "1-0"]
[Round "5"]
[TimeControl "180+2"]
[Date "2023.06.27"]
[WhiteClock "0:00:06"]
[BlackClock "0:00:00"]
[Board "79"]

1. e4 a6 2. d4 c5 3. d5 b5 4. a4 b4 5. Nd2 e5 6. Nc4 d6 7. f4 Nd7 8. Nf3 f6 9. a5 g6 10. h4 Qe7 11. Bd3 Bh6 12. h5 g5 13. fxg5 fxg5 14. Ne3 Ndf6 15. Nd2 g4 16. Ndc4 Bf4 17. Qe2 Ra7 18. Nb6 Bb7 19. Nf5 Qd8 20. Bxf4 exf4 21. e5 f3 22. gxf3 gxf3 23. Qxf3 dxe5 24. Ng7+ Kf7 25. Ne6 Qd6 26. Rg1 e4 27. Rg7+ Ke8 28. Bxe4 Bxd5 29. Bxd5 Qe5+ 30. Qe2 Qxe2+ 31. Kxe2 Rxg7 32. Nxg7+ Ke7 33. Re1 Nxd5 34. Nxd5+ Kd6 35. Rd1 Nh6 36. Nxb4+ Ke5 37. Nc6+ Ke4 38. Ne6 Re8 39. Nxc5+ Kf4+ 40. Kd2 Rc8 41. Nd3+ Ke4 42. Re1+ Kf3 43. Nd4+ Kg2 44. Re6 Ng4 45. Rxa6 Nh2 46. Ra7 Rd8 47. Rg7+ Kh3 48. Rxh7 Rxd4 49. a6 Nf3+ 50. Ke3 1-0


[Site "https://www.chess.com"]

[Event "Titled Tuesday Blitz June 27 Late 2023"]
[White "Luong Phuong Hanh"]
[Black "Moral Garcia, Serafin"]
[WhiteFideId "12401013"]
[BlackFideId "2201925"]
[WhiteElo "2458"]
[BlackElo "2614"]
[Result "0-1"]
[Round "5"]
[TimeControl "180+2"]
[Date "2023.06.27"]
[WhiteClock "0:00:00"]
[BlackClock "0:00:19"]
[Board "80"]

1. d4 Nf6 2. Nf3 g6 3. g3 Bg7 4. Bg2 O-O 5. O-O d5 6. c4 dxc4 7. Na3 c3 8. bxc3 c5 9. Qb3 Nc6 10. Rd1 Na5 11. Qb2 Bf5 12. Ne5 Qc7 13. Bf4 Qc8 14. Qb5 Nc6 15. Nxc6 bxc6 16. Qxc6 Qxc6 17. Bxc6 Rac8 18. Bb7 Rcd8 19. Be5 cxd4 20. Bxd4 Rd7 21. Bf3 Rfd8 22. e3 Ne4 23. Bxg7 Kxg7 24. Nb5 a6 25. Nd4 Nxc3 26. Rdc1 Nb5 27. Nxf5+ gxf5 28. Rc5 e6 29. a4 Nd6 30. Rc6 a5 31. Ra6 Nc4 32. Be2 Nd2 33. Rd1 Nf3+ 34. Bxf3 Rxd1+ 35. Bxd1 Rxd1+ 36. Kg2 Rd5 37. Kf3 Kf6 38. Kf4 Rc5 39. h4 Rc4+ 40. Kf3 Rxa4 41. Ra8 Ra2 42. Rh8 Kg7 43. Ra8 a4 44. Ra6 h5 45. Ra5 Kf6 46. Ra8 a3 47. Rh8 Rb2 48. Ra8 a2 49. Ra7 Ke5 50. Ra5+ Kd6 51. Ra6+ Kc5 52. Ra8 Kc4 53. Rc8+ Kb3 54. Ra8 Kc2 0-1


[Site "https://www.chess.com"]

[Event "Titled Tuesday Blitz June 27 Late 2023"]
[White "HamedWafa4"]
[Black "Herman, Daniel"]
[BlackFideId "30935008"]
[WhiteElo "2611"]
[BlackElo "2456"]
[Result "1-0"]
[Round "5"]
[TimeControl "180+2"]
[Date "2023.06.27"]
[WhiteClock "0:00:14"]
[BlackClock "0:00:11"]
[Board "81"]

1. e4 d6 2. d4 Nf6 3. Nc3 e5 4. dxe5 dxe5 5. Qxd8+ Kxd8 6. Nf3 Bd6 7. Bg5 c6 8. O-O-O Kc7 9. Nd2 Ng4 10. Bh4 Bc5 11. f3 Nf2 12. Bxf2 Bxf2 13. Bc4 f6 14. h4 Nd7 15. Be6 Nc5 16. Bxc8 Raxc8 17. h5 Rcd8 18. Nb3 Be3+ 19. Kb1 Nxb3 20. axb3 Rxd1+ 21. Rxd1 Rd8 22. Rxd8 Kxd8 23. Nd1 Bd4 24. c3 Bc5 25. b4 Bb6 26. Kc2 Ke7 27. Kd3 Ke6 28. b3 g6 29. hxg6 hxg6 30. Nb2 f5 31. Nc4 Bc7 32. Ne3 b5 33. exf5+ gxf5 34. g4 fxg4 35. fxg4 Bb6 36. Ke4 a5 37. bxa5 Bxa5 38. b4 Bd8 39. Nf1 Bh4 40. Nh2 Be1 41. Kd3 e4+ 42. Kc2 Bg3 43. Nf1 Bf4 44. Nd2 Ke5 45. Nb3 Be3 46. Kd1 Kd5 47. Ke2 Bg5 48. Na5 c5 49. bxc5 Kxc5 50. Kd1 Kd5 51. Ke2 Ke5 52. Nb3 Kf4 53. Nd4 Bf6 54. Nxb5 Kxg4 55. c4 Be7 56. Ke3 Kf5 57. Nd4+ Kf6 58. Kxe4 Bc5 59. Kd5 Bb4 60. Nb5 Ke7 61. Nd4 Kd7 62. Nc6 Ba3 63. Ne5+ Kc7 64. Nd3 Kb7 65. Kd4 Kc6 66. Kc3 Bc5 67. Kb3 Bd6 68. Ka4 Bc7 69. Kb4 Bd6+ 70. Kc3 Bc7 71. Nb4+ Kc5 72. Nd3+ Kc6 73. Kd4 Bb6+ 74. Ke5 Bc7+ 75. Ke6 Bd6 76. Kf5 Bc5 77. Ke4 Bd6 78. Kd4 Bc7 79. Nb4+ Kd6 80. c5+ Kd7 81. Kd5 Bb8 82. Na6 Ba7 83. c6+ Kc8 84. Kd6 Bb6 85. Nb4 Ba5 86. Nd5 Bc7+ 87. Nxc7 Kb8 88. Ne6 Kc8 89. c7 Kb7 90. Kd7 Ka8 91. c8=Q+ Ka7 92. Qc1 Ka8 93. Qb1 Ka7 94. Kc7 Ka6 95. Qa1+ Kb5 96. Qd4 Ka6 97. Qb6# 1-0


[Site "https://www.chess.com"]

[Event "Titled Tuesday Blitz June 27 Late 2023"]
[White "Manukian, Artak"]
[Black "Aldokhin, Ivan"]
[WhiteFideId "13301373"]
[BlackFideId "24115720"]
[WhiteElo "2456"]
[BlackElo "2608"]
[Result "0-1"]
[Round "5"]
[TimeControl "180+2"]
[Date "2023.06.27"]
[WhiteClock "0:01:18"]
[BlackClock "0:00:30"]
[Board "82"]

1. e4 c5 2. Nf3 e6 3. c3 Nf6 4. e5 Nd5 5. d4 cxd4 6. cxd4 d6 7. Nc3 Nc6 8. Bd3 Be7 9. O-O O-O 10. Qe2 f5 11. exf6 Nxf6 12. Bg5 d5 13. Rae1 Bd7 14. Bb1 Qe8 15. Qd3 Qh5 16. Bf4 Ne4 17. Nxe4 Rxf4 18. Ng3 Qh6 19. Ne2 Rf7 20. Ne5 Nxe5 21. dxe5 Raf8 22. f4 a6 23. Nd4 Rxf4 24. Rxf4 Rxf4 25. g3 Rf8 26. Qb3 Qd2 27. Qe3 Qxe3+ 28. Rxe3 Bc5 29. Rd3 Bb5 30. Rd1 Bxd4+ 31. Kg2 Rf2+ 0-1


[Site "https://www.chess.com"]

[Event "Titled Tuesday Blitz June 27 Late 2023"]
[White "Isajevsky, Anton"]
[Black "Gulamali, Kazim"]
[WhiteFideId "4142500"]
[BlackFideId "2024764"]
[WhiteElo "2607"]
[BlackElo "2454"]
[Result "1-0"]
[Round "5"]
[TimeControl "180+2"]
[Date "2023.06.27"]
[WhiteClock "0:00:05"]
[BlackClock "0:00:16"]
[Board "83"]

1. c4 e6 2. Nf3 d5 3. e3 Nf6 4. Nc3 a6 5. b3 Bd6 6. Bb2 Nbd7 7. g3 O-O 8. Bg2 c6 9. d4 Qe7 10. O-O b5 11. Nd2 bxc4 12. bxc4 Rb8 13. Rb1 Bb7 14. c5 Bc7 15. f4 Rfc8 16. Re1 a5 17. Bf1 Ra8 18. Na4 Ba6 19. Bxa6 Rxa6 20. Bc3 Raa8 21. Qe2 Ne4 22. Nxe4 dxe4 23. Rb7 Qd8 24. Reb1 Rcb8 25. Bd2 Qc8 26. Rxb8 Rxb8 27. Rb3 Rxb3 28. axb3 Qb7 29. Qc4 Nf6 30. Kf2 Nd5 31. Nb2 f5 32. Qa4 Qb5 33. Nc4 Qxa4 34. bxa4 Kf7 35. Bxa5 Bxa5 36. Nxa5 Nb4 37. Nc4 Ke7 38. h3 Kd7 39. g4 g6 40. Kg3 Nc2 41. a5 Kc7 42. h4 Kb7 43. h5 Ka6 44. h6 Kb5 45. gxf5 exf5 46. Kh4 Kxc4 47. a6 Nxe3 48. a7 Kxd4 49. a8=Q Nd5 50. Qa4+ Kd3 51. Qb3+ Nc3 52. Qf7 e3 53. Qxh7 Kc2 54. Qe7 e2 55. h7 Kd2 56. h8=Q Ne4 57. Qd4+ Kc2 58. Qe3 Kd1 59. Qd7+ Kc2 60. Qdd3+ Kb2 61. Qexe2+ 1-0


[Site "https://www.chess.com"]

[Event "Titled Tuesday Blitz June 27 Late 2023"]
[White "Grinev, Valeriy"]
[Black "szachmistrz2500"]
[WhiteFideId "14117517"]
[WhiteElo "2605"]
[BlackElo "2447"]
[Result "1-0"]
[Round "5"]
[TimeControl "180+2"]
[Date "2023.06.27"]
[WhiteClock "0:00:58"]
[BlackClock "0:00:32"]
[Board "84"]

1. e4 c5 2. Nc3 Nc6 3. d3 g6 4. Be3 d6 5. d4 cxd4 6. Bxd4 Nxd4 7. Qxd4 Nf6 8. e5 dxe5 9. Bb5+ Bd7 10. Qxe5 a6 11. Bxd7+ Qxd7 12. Nf3 Bg7 13. Qe2 O-O 14. O-O Rac8 15. Rad1 Qc7 16. Rfe1 Rfe8 17. h3 e5 18. Ng5 h6 19. Nge4 Nxe4 20. Qxe4 f5 21. Qd5+ Kh7 22. Qd7 Re7 23. Qxc7 Rexc7 24. f3 b5 25. a3 e4 26. fxe4 Bxc3 27. bxc3 fxe4 28. Rxe4 h5 29. Rd6 Rxc3 30. Re7+ Kh6 31. Ree6 Rg3 32. Kh2 h4 33. Re4 Kh5 34. Re5+ Kh6 35. Re4 Kh5 36. Rd5+ g5 37. Rd2 Rcc3 38. Re6 Rxa3 39. Rdd6 g4 40. Rd5# 1-0


[Site "https://www.chess.com"]

[Event "Titled Tuesday Blitz June 27 Late 2023"]
[White "Raahul V S"]
[Black "Mazurkiewicz, Michal"]
[WhiteFideId "25035525"]
[BlackFideId "1124943"]
[WhiteElo "2604"]
[BlackElo "2446"]
[Result "0-1"]
[Round "5"]
[TimeControl "180+2"]
[Date "2023.06.27"]
[WhiteClock "0:00:54"]
[BlackClock "0:00:22"]
[Board "85"]

1. c4 Nf6 2. Nc3 g6 3. e4 d6 4. g3 Bg7 5. Bg2 O-O 6. Nge2 c5 7. O-O Nc6 8. d3 Rb8 9. h3 a6 10. a4 b6 11. Be3 Nd7 12. f4 Nd4 13. g4 f5 14. Ng3 e6 15. exf5 gxf5 16. gxf5 exf5 17. Nd5 Bb7 18. Nh5 Bh8 19. Qe1 Qe8 20. Qg3+ Qg6 21. Ne7+ Kf7 22. Nxg6 Ne2+ 23. Kf2 Nxg3 24. Nxf8 Nxf1 25. Nxd7 Nxe3 26. Nxb8 Nxg2 27. Nxa6 Kg6 28. a5 Kxh5 29. axb6 Nxf4 30. Ke3 Ng2+ 31. Kd2 Bxb2 32. Ra2 Bd4 33. Nc7 f4 34. Ne6 f3 35. Nxd4 cxd4 36. Kc1 Ne3 37. Rf2 Kh4 38. Kb2 Kg3 39. Rxf3+ Kxf3 40. Kb3 Ke2 41. Kb4 Kxd3 42. c5 dxc5+ 43. Kxc5 Kc3 44. Kd6 d3 45. Kc7 Bf3 46. b7 Bxb7 47. Kxb7 d2 48. Kc7 d1=Q 49. Kc6 Qd5+ 50. Kc7 Kc4 51. Kb6 Qc5+ 52. Kb7 Kb5 53. Kb8 Qe7 54. Kc8 Kb6 55. Kb8 Qe8# 0-1


[Site "https://www.chess.com"]

[Event "Titled Tuesday Blitz June 27 Late 2023"]
[White "Gubajdullin, Alexei"]
[Black "JERO-8914"]
[WhiteFideId "4141202"]
[WhiteElo "2601"]
[BlackElo "2445"]
[Result "1-0"]
[Round "5"]
[TimeControl "180+2"]
[Date "2023.06.27"]
[WhiteClock "0:01:36"]
[BlackClock "0:00:00"]
[Board "86"]

1. Nf3 Nf6 2. d4 d5 3. Bf4 c5 4. e3 g6 5. Nbd2 Nc6 6. c3 Bg7 7. Be2 O-O 8. O-O Nd7 9. Qb3 e5 10. dxe5 Ndxe5 11. Nxe5 Nxe5 12. Nf3 c4 13. Qa3 Nxf3+ 14. Bxf3 Be6 15. Rfd1 Qd7 16. Rd2 Rfd8 17. Rad1 Bf8 18. Qa5 b6 19. Qa6 Qc6 20. a4 Rd7 21. Qb5 Qxb5 22. axb5 a6 23. Bxd5 Rxd5 24. Rxd5 Bxd5 25. Rxd5 axb5 26. g4 b4 27. cxb4 Ra1+ 28. Kg2 Rb1 29. Be5 f6 30. Bc3 Bxb4 31. Bxb4 Rxb2 32. Bc3 Rb3 33. Bxf6 b5 34. Rc5 Kf7 35. Bd4 Ke6 36. Kg3 Kd6 37. f4 Rb1 38. f5 gxf5 39. gxf5 Ke7 40. f6+ Kf7 41. Rc7+ Kf8 42. Bc5+ 1-0


[Site "https://www.chess.com"]

[Event "Titled Tuesday Blitz June 27 Late 2023"]
[White "liwadas82"]
[Black "Sun, Rick"]
[BlackFideId "30909481"]
[WhiteElo "2445"]
[BlackElo "2601"]
[Result "0-1"]
[Round "5"]
[TimeControl "180+2"]
[Date "2023.06.27"]
[WhiteClock "0:00:04"]
[BlackClock "0:00:13"]
[Board "87"]

1. e4 d6 2. d4 Nf6 3. Nc3 Nbd7 4. Nf3 e5 5. Bc4 Be7 6. O-O c6 7. a4 O-O 8. Re1 Qc7 9. b3 h6 10. h3 Re8 11. Bd3 Nf8 12. Bb2 Ng6 13. Ne2 Bf8 14. Ng3 Nf4 15. Bf1 Bd7 16. Qd2 g5 17. Rad1 Rad8 18. Nf5 Bxf5 19. exf5 e4 20. Nh2 d5 21. Ng4 Bg7 22. Bc1 N4h5 23. Ne5 Nd7 24. Nxd7 Qxd7 25. Be2 Nf4 26. Bg4 h5 27. f6 hxg4 28. fxg7 gxh3 29. g3 Qg4 30. Qe3 Ne6 31. Kh2 Kxg7 32. Rf1 f5 33. f3 exf3 34. Rxf3 Kg6 35. Qf2 Ng7 36. Rf1 Re4 37. c3 Rde8 38. Re3 Rxe3 39. Bxe3 f4 40. gxf4 Rxe3 41. Rg1 Re2 42. Rxg4 Rxf2+ 43. Kxh3 Rxf4 44. Rxf4 gxf4 45. Kg4 Ne6 46. c4 Kf6 47. cxd5 cxd5 48. b4 b6 49. a5 bxa5 50. bxa5 a6 51. Kf3 Kf5 52. Ke2 Ke4 53. Kf2 Nxd4 54. Kf1 Nc6 55. Kf2 Nxa5 56. Ke2 Nc4 57. Kf2 f3 0-1


[Site "https://www.chess.com"]

[Event "Titled Tuesday Blitz June 27 Late 2023"]
[White "Karthik, Advaith"]
[Black "MKlose11"]
[WhiteFideId "30946050"]
[WhiteElo "2443"]
[BlackElo "2599"]
[Result "1-0"]
[Round "5"]
[TimeControl "180+2"]
[Date "2023.06.27"]
[WhiteClock "0:00:21"]
[BlackClock "0:00:18"]
[Board "88"]

1. d4 Nf6 2. c4 c5 3. d5 b5 4. cxb5 a6 5. bxa6 Bxa6 6. Nc3 g6 7. g3 Bg7 8. Bg2 d6 9. Nf3 O-O 10. O-O Nbd7 11. h3 Ne8 12. Re1 Nc7 13. e4 Nb5 14. Bd2 Qb6 15. Nxb5 Bxb5 16. Bc3 f6 17. Nd2 Qa6 18. f4 Rab8 19. Kh2 Nb6 20. b3 Nd7 21. Nf3 Qa3 22. Qc1 Qxc1 23. Raxc1 Rb7 24. e5 fxe5 25. fxe5 Nb6 26. exd6 Bxc3 27. Rxe7 Rxe7 28. dxe7 Re8 29. Rxc3 Rxe7 30. Rxc5 Bd7 31. a4 Re2 32. a5 Nc8 33. Nd4 Ra2 34. Nc6 Nd6 35. Ne5 Bf5 36. Kg1 Ra1+ 37. Kf2 Ra2+ 38. Kf1 Ra1+ 39. Kf2 Ra2+ 40. Kg1 Ra1+ 41. Kh2 Ra2 42. Rc3 Be4 43. Nf3 Bxd5 44. b4 Ne4 45. Rd3 Bc6 46. h4 Nf6 47. Kh3 h5 48. Ne1 Bd7+ 49. Rxd7 Nxd7 50. Bd5+ Kf8 51. Bxa2 Ke8 52. Kg2 Ke7 53. b5 Kd6 54. b6 Kc6 55. Be6 Nb8 56. Bf7 g5 57. Bxh5 Kb5 58. hxg5 Kxa5 59. g6 Ka6 60. g7 Kxb6 61. g8=Q Nc6 62. Qe6 Kc5 63. Qxc6+ Kxc6 64. Kf3 Kd5 65. Kf4 Ke6 66. Nf3 Kf6 67. g4 Kg7 68. g5 Kh7 69. Kf5 Kg7 70. g6 Kh6 71. Kf6 Kxh5 72. g7 Kg4 73. g8=Q+ Kxf3 74. Qg5 Ke4 75. Qf5+ Ke3 76. Kg5 Kd4 77. Kf4 Kc3 78. Qe4 Kd2 79. Qf3 Kc1 80. Qg2 Kd1 81. Ke3 Ke1 82. Qg1# 1-0


[Site "https://www.chess.com"]

[Event "Titled Tuesday Blitz June 27 Late 2023"]
[White "SergioMoralesG"]
[Black "Vdovin, Vadim"]
[BlackFideId "24107158"]
[WhiteElo "2436"]
[BlackElo "2597"]
[Result "0-1"]
[Round "5"]
[TimeControl "180+2"]
[Date "2023.06.27"]
[WhiteClock "0:00:04"]
[BlackClock "0:00:29"]
[Board "89"]

1. e4 c5 2. Nf3 d6 3. Bb5+ Bd7 4. Bxd7+ Qxd7 5. c4 Nc6 6. Nc3 g6 7. d4 cxd4 8. Nxd4 Bg7 9. Be3 Nf6 10. h3 O-O 11. O-O a6 12. Re1 Rac8 13. b3 Nxd4 14. Bxd4 b5 15. cxb5 e5 16. Bb6 Rxc3 17. bxa6 Rc6 18. Be3 Rxa6 19. Qd3 Rfa8 20. a4 Qb7 21. Bd2 d5 22. f3 dxe4 23. fxe4 Nh5 24. a5 Nf4 25. Qf1 Qxb3 26. Rab1 Qg3 27. Re3 Qg5 28. Kh1 Qd8 29. Bc1 Ne6 30. Reb3 Rxa5 31. Rb7 Nf4 32. R1b2 Ra1 33. Qc4 Ne6 34. Kh2 Rc8 35. Qb3 Raxc1 36. Qa4 h5 37. Rd7 Qf6 38. Rbb7 Qf4+ 39. g3 Qf2# 0-1


[Site "https://www.chess.com"]

[Event "Titled Tuesday Blitz June 27 Late 2023"]
[White "Sukandar, Irine Kharisma"]
[Black "lagarto93"]
[WhiteFideId "7101937"]
[WhiteElo "2434"]
[BlackElo "2597"]
[Result "1-0"]
[Round "5"]
[TimeControl "180+2"]
[Date "2023.06.27"]
[WhiteClock "0:00:39"]
[BlackClock "0:01:29"]
[Board "90"]

1. e4 e6 2. d4 d5 3. exd5 exd5 4. Nc3 Nf6 5. h3 Be7 6. Bf4 O-O 7. Bd3 h6 8. Nf3 c5 9. dxc5 Bxc5 10. O-O Nc6 11. a3 Be6 12. b4 Bb6 13. Qd2 d4 14. Ne4 Nxe4 15. Bxe4 Bd5 16. Rfe1 Bxe4 17. Rxe4 Qd5 18. Rae1 Rad8 19. Bxh6 f5 20. Qg5 Rd7 21. Re7 Rf7 22. Re8+ Rf8 23. Rxf8+ Kxf8 24. Qf6+ Qf7 25. Bxg7+ Kg8 26. Qh6 Qxg7 27. Re8+ Kf7 28. Qe6# 1-0


[Site "https://www.chess.com"]

[Event "Titled Tuesday Blitz June 27 Late 2023"]
[White "zsizsi99"]
[Black "ATM622"]
[WhiteElo "2428"]
[BlackElo "2593"]
[Result "0-1"]
[Round "5"]
[TimeControl "180+2"]
[Date "2023.06.27"]
[WhiteClock "0:00:00"]
[BlackClock "0:00:42"]
[Board "91"]

1. e4 c6 2. Nf3 d5 3. exd5 cxd5 4. Ne5 Nc6 5. Bb5 Bd7 6. Bxc6 bxc6 7. d4 Nf6 8. O-O e6 9. c4 Bd6 10. Nc3 O-O 11. Bg5 h6 12. Bh4 Rc8 13. c5 Be7 14. b4 Ne8 15. Bxe7 Qxe7 16. a4 a6 17. Qd3 Nc7 18. Rfb1 Rb8 19. b5 axb5 20. axb5 cxb5 21. c6 Bc8 22. Ra7 Qd6 23. Nxb5 Rxb5 24. Rxb5 Ba6 25. Rxa6 Nxa6 26. Rb1 Nc7 27. Qc3 f6 28. Nd7 Ra8 29. g3 Rc8 30. Qc5 Qxc5 31. Nxc5 Kf7 32. Rb7 Ke7 33. f4 Kd6 34. Rb6 Na8 35. Ra6 Nc7 36. Nb7+ Ke7 37. Rb6 g5 38. fxg5 hxg5 39. Kg2 g4 40. Nc5 Ra8 41. Rb7 Ra2+ 42. Kg1 Kd6 43. Rb6 Rd2 44. Nb7+ Ke7 45. Rb4 Rc2 46. Nc5 e5 47. Rb7 Kd6 48. dxe5+ fxe5 49. Nd3 e4 50. Nf2 Kxc6 51. Rb1 e3 52. Nxg4 d4 53. h4 Nd5 54. h5 Kd6 55. h6 Rc7 56. Rd1 e2 57. Ra1 Nc3 58. Kf2 Rf7+ 59. Kg2 Nd1 0-1


[Site "https://www.chess.com"]

[Event "Titled Tuesday Blitz June 27 Late 2023"]
[White "Wachinger, Nikolas"]
[Black "Ai, Evan"]
[WhiteFideId "12962791"]
[BlackFideId "2094770"]
[WhiteElo "2590"]
[BlackElo "2426"]
[Result "0-1"]
[Round "5"]
[TimeControl "180+2"]
[Date "2023.06.27"]
[WhiteClock "0:00:01"]
[BlackClock "0:00:10"]
[Board "92"]

1. d4 Nf6 2. Nf3 e6 3. Bf4 d5 4. Nbd2 c5 5. e3 Nc6 6. c3 Nh5 7. Bg5 f6 8. Bh4 cxd4 9. cxd4 g6 10. Bd3 Be7 11. Rc1 O-O 12. a3 e5 13. Qb3 exd4 14. Nxd4 Nxd4 15. exd4 Nf4 16. O-O Nxd3 17. Qxd3 Bf5 18. Qb3 Qd7 19. Nb1 Rac8 20. Nc3 Be6 21. Rfe1 Rc6 22. Re2 Rfc8 23. Rce1 g5 24. Bg3 Bf8 25. h4 h6 26. hxg5 hxg5 27. f4 Rb6 28. Qc2 Bf5 29. Qd2 g4 30. Bh4 Rcc6 31. Re3 Re6 32. Qe2 Rxe3 33. Qxe3 Re6 34. Qd2 Kf7 35. Kf2 Bh6 36. Rxe6 Qxe6 37. Qe3 a6 38. Qxe6+ Kxe6 39. Ke3 Kd6 40. Bxf6 Ke6 41. Be5 Bf8 42. g3 b5 43. Nd1 a5 44. Kd2 b4 45. axb4 Bxb4+ 46. Ke2 Be4 47. Ne3 Bf3+ 48. Kd3 Be4+ 49. Ke2 Bf3+ 50. Kf2 Bd2 51. Nf1 Bc1 52. Nh2 Bxb2 53. Nxf3 gxf3 54. Kxf3 a4 55. g4 a3 56. f5+ Ke7 57. g5 a2 58. g6 a1=Q 59. f6+ Ke6 60. f7 Qf1+ 61. Kg4 Qf5+ 62. Kh4 Ba3 63. Bg7 Be7+ 0-1


[Site "https://www.chess.com"]

[Event "Titled Tuesday Blitz June 27 Late 2023"]
[White "Figorito, Nick"]
[Black "Ballester Llagaria, Luis Eduardo"]
[WhiteFideId "30923689"]
[BlackFideId "2297620"]
[WhiteElo "2427"]
[BlackElo "2588"]
[Result "0-1"]
[Round "5"]
[TimeControl "180+2"]
[Date "2023.06.27"]
[WhiteClock "0:00:02"]
[BlackClock "0:01:25"]
[Board "93"]

1. Nf3 d5 2. g3 Bg4 3. Bg2 c6 4. O-O Nd7 5. c4 e6 6. Qb3 Qb6 7. d4 Ngf6 8. c5 Qxb3 9. axb3 Bxf3 10. Bxf3 e5 11. e3 Be7 12. b4 O-O 13. Nc3 a6 14. Na4 Rfe8 15. Bd2 g6 16. Bg2 Bf8 17. dxe5 Nxe5 18. Bc3 Bg7 19. Nb6 Rad8 20. h3 Ne4 21. Bxe4 dxe4 22. Rad1 Nd3 23. Rd2 Nxb2 24. Rxd8 Rxd8 25. Bxg7 Kxg7 26. Rb1 Rd1+ 27. Rxd1 Nxd1 28. Nc8 Nc3 29. Nd6 Na2 30. Nxb7 Nxb4 31. Kf1 Kf6 32. Ke2 Ke5 33. Nd6 f5 34. Ne8 a5 35. Kd2 a4 36. Kc3 Nd3 37. f4+ exf3 38. Kxd3 f2 39. Ke2 a3 40. Nd6 a2 41. Nc4+ Kd5 42. e4+ Kxe4 43. Nd2+ Kd4 44. Nb3+ Kc3 45. Na1 Kb2 46. Kxf2 Kxa1 0-1


[Site "https://www.chess.com"]

[Event "Titled Tuesday Blitz June 27 Late 2023"]
[White "Pinto, Daniel"]
[Black "Bitoon, Richard"]
[WhiteFideId "3303144"]
[BlackFideId "5201110"]
[WhiteElo "2418"]
[BlackElo "2582"]
[Result "1/2-1/2"]
[Round "5"]
[TimeControl "180+2"]
[Date "2023.06.27"]
[WhiteClock "0:00:05"]
[BlackClock "0:01:49"]
[Board "94"]

1. e4 e5 2. Nf3 Nc6 3. Bb5 a6 4. Ba4 Nf6 5. O-O b5 6. Bb3 Bb7 7. d3 Bc5 8. Nc3 h6 9. Nd5 d6 10. Nxf6+ Qxf6 11. Bd5 Rb8 12. c3 Ne7 13. Bxb7 Rxb7 14. d4 Bb6 15. a4 g5 16. axb5 axb5 17. Ra8+ Kd7 18. dxe5 Qg7 19. Rxh8 Qxh8 20. exd6 cxd6 21. Qd3 g4 22. Nd4 Qe5 23. Qxb5+ Qxb5 24. Nxb5 h5 25. Rd1 Bxf2+ 26. Kxf2 Rxb5 27. b4 Nc6 28. Bf4 Ne5 29. Rd5 Rxd5 30. exd5 Nc4 31. Ke2 Nb6 32. Kd3 Nxd5 33. Bd2 f5 34. c4 Nf6 35. Kd4 Ne4 36. Bf4 h4 37. c5 dxc5+ 38. bxc5 h3 39. gxh3 gxh3 40. Ke5 Nxc5 41. Kxf5 Nd3 42. Bg3 Ke7 43. Kg4 Kf6 44. Kxh3 Kg5 45. Kg2 Nb4 46. Kf3 Nd5 47. Bd6 Kh4 48. Kg2 Kg4 49. h3+ Kh5 50. Kg3 Ne3 51. Kf3 Nf5 52. Bg3 Nd4+ 53. Ke4 Ne6 54. Bf4 Kh4 55. Be5 Kxh3 1/2-1/2


[Site "https://www.chess.com"]

[Event "Titled Tuesday Blitz June 27 Late 2023"]
[White "Prydun, Andriy"]
[Black "Przybylski, Wojciech"]
[WhiteFideId "14145898"]
[BlackFideId "1117599"]
[WhiteElo "2393"]
[BlackElo "2582"]
[Result "0-1"]
[Round "5"]
[TimeControl "180+2"]
[Date "2023.06.27"]
[WhiteClock "0:00:01"]
[BlackClock "0:01:13"]
[Board "95"]

1. e4 e5 2. Nf3 Nc6 3. Nc3 Nf6 4. Bb5 Nd4 5. Bc4 d6 6. h3 Be7 7. d3 O-O 8. Be3 c5 9. g4 Be6 10. g5 Ne8 11. Rg1 Nc7 12. h4 b5 13. Bb3 Nxb3 14. axb3 f5 15. gxf6 Bxf6 16. Ng5 Bxg5 17. Bxg5 Qd7 18. Ne2 Qf7 19. Be3 Kh8 20. Ng3 a5 21. h5 h6 22. Qd2 Kh7 23. Rxa5 Rxa5 24. Qxa5 Ra8 25. Qb6 Ra6 26. Qb7 Ra1+ 0-1


[Site "https://www.chess.com"]

[Event "Titled Tuesday Blitz June 27 Late 2023"]
[White "Sargsyan, Anna M."]
[Black "Srdanovic, Jovana"]
[WhiteFideId "13308130"]
[BlackFideId "954810"]
[WhiteElo "2578"]
[BlackElo "2391"]
[Result "1-0"]
[Round "5"]
[TimeControl "180+2"]
[Date "2023.06.27"]
[WhiteClock "0:00:05"]
[BlackClock "0:00:02"]
[Board "96"]

1. d4 d5 2. c4 c6 3. cxd5 cxd5 4. Bf4 Nc6 5. e3 Nf6 6. Nc3 a6 7. Bd3 e6 8. Rc1 Be7 9. Nf3 O-O 10. O-O Bd7 11. Qe2 Rc8 12. Ne5 Na5 13. Rc2 b5 14. Rfc1 Nc4 15. a4 Qa5 16. Nxd7 Nxd7 17. axb5 axb5 18. e4 dxe4 19. Nxe4 Ndb6 20. Bg5 Qb4 21. h4 h6 22. Bxh6 gxh6 23. Qg4+ Kh8 24. Qh5 Kg7 25. Rc3 Nd5 26. Bb1 Nxc3 27. Rxc3 Ne5 28. Qxe5+ f6 29. Qg3+ Kh8 30. Qg6 Rxc3 31. Qxh6+ Kg8 32. Qg6+ Kh8 33. Nxc3 f5 34. Qh6+ Kg8 35. Qxe6+ Kh8 36. Bxf5 Rf6 37. Qe5 Qxb2 38. Ne4 Qc1+ 39. Kh2 Bd6 40. Nxd6 Qh6 41. Nf7+ Kg7 42. Nxh6 Kxh6 43. Qxf6+ 1-0


[Site "https://www.chess.com"]

[Event "Titled Tuesday Blitz June 27 Late 2023"]
[White "Bayo Milagro, Alvaro"]
[Black "Cooklev, Steven"]
[WhiteFideId "22275240"]
[BlackFideId "2050552"]
[WhiteElo "2576"]
[BlackElo "2380"]
[Result "1-0"]
[Round "5"]
[TimeControl "180+2"]
[Date "2023.06.27"]
[WhiteClock "0:01:40"]
[BlackClock "0:00:39"]
[Board "97"]

1. Nf3 Nf6 2. g3 d5 3. Bg2 c6 4. O-O Bg4 5. d4 Nbd7 6. Nbd2 e6 7. Re1 Be7 8. e4 O-O 9. c3 c5 10. e5 Ne8 11. h3 Bh5 12. g4 Bg6 13. Nf1 Nc7 14. Ng3 f5 15. exf6 Nxf6 16. Ne5 Be8 17. Be3 b6 18. f4 Rc8 19. g5 Nd7 20. Nc6 cxd4 21. cxd4 Bb4 22. Rf1 1-0


[Site "https://www.chess.com"]